Map: Tropical Sacrifice

Players

GSilverstein - Winner!

  • Race: Protoss Protoss
  • League: Gold
  • Spawn Location: 1:00

MattBarry

  • Race: Protoss Protoss
  • League: Silver
  • Spawn Location: 7:00

VOD

Have the link to the VOD?

Description

Time

  • Played on: Jan. 20, 2023, 2:33 a.m.
  • Length: 2:23
Show
View Real Time Build Order
Export as new Build Order

GSilverstein Protoss - Winner!

Build Orders:  

Get SALT Encoding   

  12  0:02  Probe  
  13  0:18  Probe  
  14  0:22  Pylon  
  14  0:31  Probe  
  15  0:42  Gateway  
  15  0:43  Probe  
  16  0:55  Probe  
  16  0:56  Assimilator  
  17  1:28  Zealot (Chrono Boost)  
  19  1:37  Probe  
  20  1:49  Probe  
  21  1:57  Zealot (Chrono Boost)  
Show
View Real Time Build Order
Export as new Build Order

MattBarry Protoss 

Build Orders: Cannon Rush 

Get SALT Encoding   

  12  0:00  Probe (Chrono Boost)  
  13  0:11  Probe (Chrono Boost)  
  14  0:18  Pylon  
  14  0:37  Forge  
  14  0:44  Probe  
  15  0:56  Probe  
  16  1:09  Pylon  
  16  1:11  Pylon  
  16  1:21  Pylon  
  16  1:28  Photon Cannon  
  16  1:37  Photon Cannon  
  15  1:44  Pylon  
  15  1:55  Photon Cannon  
  15  2:05  Pylon  
Tags
 
Matchup
PvP
Replay Pack
Multiplayer
Spawn Locations
Cross Positions
Add a new tag
Caveats
  • Supply blocks, unpowered buildings, or Contaminate may cause inaccurate times.
  • Supply counts are checked every 10 seconds.